 Dungeon Crawl Stone Soup version 0.29-a0-994-gc5c9f59d18 (webtiles) character file.

Game seed: 2869793860174725339

441 Nyth the Ruffian (level 6, -3/50 HPs)
             Began as a Draconian Transmuter on Aug 3, 2022.
             Slain by a river rat (8 damage)
             ... on level 4 of the Dungeon.
             The game lasted 00:49:35 (4853 turns).

Nyth the Ruffian (Draconian Transmuter)             Turns: 4853, Time: 00:49:36

Health: -3/50      AC:  6    Str: 14    XL:     6   Next: 71%
Magic:  9/9        EV: 13    Int: 14    God:
Gold:   96         SH:  0    Dex: 11    Spells: 6/9 levels left

rFire   + . .      SeeInvis .     - Unarmed
rCold   x . .      Faith    .   (no shield)
rNeg    . . .      Spirit   .   (body armour unavailable)
rPois   .          Reflect  .   (helmet currently unavailable)
rElec   .          Harm     .   (no cloak)
rCorr   .          Rampage  .   (no gloves)
Will    .....                   (boots currently unavailable)
Stlth   +.........              (no amulet)
HPRegen 0.16/turn               p - ring of fire
MPRegen 0.11/turn               (no ring)

@: appendages, very slow
A: horns 2, talons 2, AC +6, unfitting armour, cold-blooded
a: End Transformation


You were on level 4 of the Dungeon.
You had temporarily grown beastly horns and talons.
You visited 1 branch of the dungeon, and saw 4 of its levels.

You collected 96 gold pieces.

Inventory:

Hand Weapons
 e - a +0 hand axe
 g - a +0 dagger
 i - a +0 short sword
 j - a +0 sling
 k - a +0 whip
 o - a +3 sling
 q - a +0 scythe
Missiles
 f - 25 stones
Armour
 d - a +0 scale mail
 h - a +0 plate armour
 m - a +0 leather armour
 t - a +0 robe
Jewellery
 p - a ring of fire (left hand)
 v - a ring of protection from cold
Wands
 c - a wand of flame (6)
 r - a wand of iceblast (6)
 u - a wand of polymorph (7)
Scrolls
 l - 3 scrolls of identify
 s - a scroll of immolation {unknown}
 w - a scroll of fog {unknown}
Potions
 a - 4 potions of lignification
 b - a potion of cancellation {unknown}
 n - 2 potions of curing
 x - a potion of ambrosia {unknown}


   Skills:
 * Level 2.4 Fighting
 - Level 0.3(0.4) Short Blades
 - Level 0.1(0.2) Long Blades
 * Level 3.9 Dodging
 * Level 5.3 Unarmed Combat
 - Level 2.1 Spellcasting
 * Level 3.3 Transmutations
 - Level 0.2 Evocations


You had 6 spell levels left.
You knew the following spells:

 Your Spells              Type           Power      Damage    Failure   Level
a - Beastly Appendage     Tmut           20%        N/A       6%          1
b - Wereblood             Tmut           10%        N/A       9%          2

Your spell library contained the following spells:

 Spells                   Type           Power      Damage    Failure   Level
 Sting                    Tmut/Pois      24%        1d4       12%         1
 Freeze                   Ice            4%         1d3       24%         1
 Poisonous Vapours        Pois/Air       2%         N/A       34%         2
 Spider Form              Tmut/Pois      6%         N/A       34%         3
 Frozen Ramparts          Ice            2%         1d8       56%         3
 Ice Form                 Ice/Tmut       6%         N/A       75%         4
 Hailstorm                Conj/Ice       1%         3d3       93%         4
 Olgreb's Toxic Radiance  Pois           1%         N/A       93%         4


Dungeon Overview and Level Annotations

Branches:
Dungeon (4/15)
 Temple: D:4-7

Altars:
Gozag


Innate Abilities, Weirdness & Mutations

You have temporarily grown beastly horns and talons.
Your plain brown scales are hard. (AC +6)
You cannot fit into any form of body armour.
You are cold-blooded and may be slowed by cold attacks.


Message History

The river rat bites you but does no damage.
Your unstable footing causes you to fumble your attack.
The river rat bites you but does no damage.
You barely miss the river rat.
The giant cockroach bites you but does no damage.
The giant cockroach misses you. The river rat bites you.
You closely miss the river rat.
You claw the river rat, but do no damage.
The giant cockroach barely misses you.
The giant cockroach completely misses you.
The river rat bites you!
The giant cockroach bites you but does no damage.
Your unstable footing causes you to fumble your attack.
The giant cockroach closely misses you.
The giant cockroach bites you but does no damage.
You closely miss the river rat. The river rat bites you!
The giant cockroach barely misses you.
The giant cockroach bites you but does no damage.
You are too injured to fight recklessly!
Your unstable footing causes you to fumble your attack.
The river rat bites you but does no damage.
The giant cockroach bites you but does no damage.
The giant cockroach splashes around in the water.
You hit the giant cockroach.
You kill the giant cockroach!
The river rat bites you but does no damage.
The giant cockroach splashes around in the water.
Your unstable footing causes you to fumble your attack.
The river rat bites you.
The giant cockroach splashes around in the water.
You hit the giant cockroach.
You kill the giant cockroach!
The river rat twitches its whiskers.
The river rat bites you.
* * * LOW HITPOINT WARNING * * *
You hear the rusting of a drain very nearby.
The river rat bites you!
* * * LOW HITPOINT WARNING * * *
The river rat bites you!
You die...

## .### .##... ... ##
.|..# ### ..# ..
#...# ###~~##+..# ..
...# +~~~~r@#..# #.
#..# +~~~~~~#..#
###.##..# ###~~##'..#
#.......###.####...##
.................###
###...............#
##..............#
###...............#
#.........##.....##


You could see a river rat.

Vanquished Creatures
  Sigmund (D:3)
  An ogre (D:4)
  Jessica (D:3)
  Ijyb (D:3)
  A scorpion zombie (D:4)
  4 adders
  A dart slug (D:2)
  8 bats
  8 endoplasms
  3 giant cockroaches
  3 goblins
  3 hobgoblins
  7 jackals
  4 quokkas
  8 ball pythons
  2 frilled lizards
  4 kobolds
  12 rats
72 creatures vanquished.

Vanquished Creatures (others)
  4 demonic plants (D:1)
  25 fungi
  A plant (D:1)
  3 withered plants (D:1)
33 creatures vanquished.

Grand Total: 105 creatures vanquished

Notes
Turn   | Place    | Note
-------+----------+-------------------------------------------
     0 | D:1      | Nyth the Draconian Transmuter began the quest for the Orb.
     0 | D:1      | Reached XP level 1. HP: 16/16 MP: 3/3
   726 | D:2      | Reached XP level 2. HP: 20/23 MP: 5/5
  1168 | D:1      | Reached XP level 3. HP: 9/28 MP: 4/6
  1603 | D:1      | Found a faded altar of an unknown god.
  2336 | D:2      | Found an opulent altar of Gozag.
  2452 | D:2      | Learned a level 2 spell: Wereblood
  2955 | D:3      | Reached XP level 4. HP: 34/35 MP: 4/7
  3122 | D:3      | Noticed Jessica
  3134 | D:3      | Killed Jessica
  3135 | D:3      | Reached skill level 4 in Unarmed Combat
  3427 | D:3      | Noticed Sigmund
  3447 | D:3      | Killed Sigmund
  3448 | D:3      | Reached XP level 5. HP: 35/41 MP: 5/8
  3448 | D:3      | Reached XP level 6. HP: 41/48 MP: 5/9
  3561 | D:3      | Noticed Ijyb
  3606 | D:3      | Killed Ijyb
  3607 | D:3      | Reached skill level 5 in Unarmed Combat
  4853 | D:4      | Slain by a river rat

Illustrated notes

Levels and vault maps discovered:
D:1:      saegor_arrival_simple_d, layout_rooms, shapermc_ecumenical_altar_gd,
          dreamdust_mushroom_princess, st_stairs_8
D:2:      layout_loops_ring, basic_altar, minmay_pentomino_v4
D:3:      layout_rooms, grunt_ministairs_2, minmay_misc_feat_diagonals,
          minmay_shallow_snake_nest, uniq_ijyb, uniq_sigmund, uniq_jessica
D:4:      layout_cave_pools, jmf_multi_god_temple2, general_overflow_altar,
          serial_undead, serial_undead_d, serial_undead_c, serial_undead_f,
          serial_undead_c, serial_undead_a, serial_undead_a,
          gup_sewer_entry_bowl

Skill      XL: |  1  2  3  4  5  6 |
---------------+-------------------+-----
Dodging        | 2 3 |  3.9
Unarmed Combat | 4 5 |  5.3
Fighting       | 2 |  2.4
Transmutations | 3 |  3.3
Short Blades   | |  0.3
Long Blades    | |  0.1
Spellcasting   | |  2.1
Evocations     | |  0.2

Action                   |  1- 3 |  4- 6 || total
-------------------------+-------+-------++-------
Melee: Unarmed           |    88 |   163 ||   251
       Kick              |    12 |     4 ||    16
       Tailslap          |    16 |    17 ||    33
       Dagger            |    39 |       ||    39
       Short sword       |     9 |       ||     9
       Hand axe          |    35 |       ||    35
       Punch             |     7 |     5 ||    12
       Headbutt          |     3 |       ||     3
 Cast: Beastly Appendage |    13 |     2 ||    15
       Wereblood         |     3 |     8 ||    11
Evoke: Wand              |     9 |     1 ||    10
  Use: Scroll            |     4 |       ||     4
       Potion            |       |     1 ||     1
 Stab: Sleeping          |     1 |       ||     1
Armor: Skin              |    94 |    75 ||   169
Dodge: Dodged            |   164 |   111 ||   275

Table legend: (Time is in decaauts)
 A = Elapsed time spent in this place.
 B = Non-inter-level travel time spent in this place.
 C = Inter-level travel time spent in this place.
 D = Time resting spent in this place.
 E = Time spent auto-exploring this place.
 F = Levels seen in this place.
 G = Mean time per level.
                   A        B        C        D        E       F      G
               +--------+--------+--------+--------+--------+-----+--------+
         Total |   4853 |   4817 |     36 |   2099 |    928 |   4 | 1213.2 |
       Dungeon |   4853 |   4817 |     36 |   2099 |    928 |   4 | 1213.2 |
               +--------+--------+--------+--------+--------+-----+--------+

Top non-repeatable levels by time:
     D:3: 1915 daAuts
     D:2: 1400 daAuts
     D:1: 1387 daAuts
     D:4: 150 daAuts
